 Dungeon Crawl Stone Soup version 0.29-a0-857-g9b1aa3ac5b (webtiles) character file.

Game seed: 1559375188371342524

26574 jfcaron the Nimble (level 13, 0/105 HPs)
             Began as a Gnoll Monk on July 15, 2022.
             Was a High Priest of Fedhas.
             Slain by a seven-headed hydra (6 damage)
             ... on level 3 of the Lair of Beasts on July 16, 2022.
             The game lasted 00:48:07 (19271 turns).

jfcaron the Nimble (Gnoll Monk)                    Turns: 19271, Time: 00:48:09

Health: 0/105      AC: 15    Str: 16    XL:     13   Next: 26%
Magic:  25/25      EV: 15    Int: 10    God:    Fedhas [*****.]
Gold:   347        SH: 16    Dex: 14    Spells: 29/29 levels left

rFire   . . .      SeeInvis .   e - +4 trident (vorpal)
rCold   . . .      Faith    .   F - +0 kite shield
rNeg    . . .      Spirit   .   q - +0 acid dragon scales
rPois   +          Reflect  +   z - +0 helmet
rElec   .          Harm     .   N - +1 cloak
rCorr   +          Rampage  .   C - +0 pair of gloves
Will    +....                   y - +1 pair of boots
Stlth   ++++......              j - amulet of reflection
HPRegen 0.27/turn               b - ring of poison resistance
MPRegen 0.19/turn               h - ring of willpower

@: slowed, very slow
A: fangs 1, strong nose, distributed training
a: Renounce Religion, Wall of Briars, Grow Ballistomycete, Overgrow, Grow Oklob


You were on level 3 of the Lair of Beasts.
You worshipped Fedhas.
Fedhas was extremely pleased with you.
You visited 3 branches of the dungeon, and saw 15 of its levels.
You also visited: Sewer.

You collected 947 gold pieces.
You spent 600 gold pieces at shops.

Inventory:

Hand Weapons
 e - a +4 vorpal trident (weapon)
 I - a +2 dagger of venom
Missiles
 g - 10 poisoned darts
 A - a boomerang of dispersal {!f}
 H - 8 boomerangs (quivered)
 J - 7 stones
 R - 6 curare-tipped darts {!f}
 W - 9 silver javelins {!f}
 X - a throwing net {!f}
Armour
 q - +0 acid dragon scales (worn)
 y - a +1 pair of boots (worn)
 z - a +0 helmet (worn)
 C - a +0 pair of gloves (worn)
 F - a +0 kite shield (worn)
 N - a +1 cloak (worn)
Jewellery
 b - a ring of poison resistance (left hand)
 f - a ring of protection from fire
 h - a ring of willpower (right hand)
 j - an amulet of reflection (around neck)
 s - a ring of protection from cold
 G - a ring of flight
Wands
 i - a wand of polymorph (2)
 r - a wand of roots (2)
 w - a wand of paralysis (23)
 x - a wand of quicksilver (15)
Scrolls
 m - 7 scrolls of teleportation
 n - 3 scrolls of vulnerability
 o - a scroll of blinking {unknown}
 v - a scroll of fog {unknown}
 B - 3 scrolls of noise
 D - a scroll of summoning {unknown}
 E - 6 scrolls of fear
 K - 2 scrolls of poison
 M - 3 scrolls of immolation
 O - 2 scrolls of torment {unknown}
 U - a scroll of silence {unknown}
Potions
 a - a potion of berserk rage
 c - 2 potions of ambrosia
 d - 3 potions of haste
 k - 3 potions of attraction
 l - 2 potions of brilliance
 p - a potion of flight
 u - 2 potions of lignification
 L - 2 potions of invisibility
 P - a potion of heal wounds
 Q - 2 potions of cancellation
 S - a potion of magic {unknown}
 T - a potion of might
 Y - 4 potions of curing
 Z - a potion of mutation {unknown}
Miscellaneous
 t - a tin of tremorstones (inert)


   Skills:
 + Level 10.8 Fighting
 + Level 8.6 Short Blades
 + Level 8.6 Long Blades
 + Level 8.6 Axes
 + Level 8.6 Maces & Flails
 + Level 10.8 Polearms
 + Level 8.6 Staves
 + Level 8.6 Ranged Weapons
 + Level 8.6 Throwing
 + Level 8.6 Armour
 + Level 10.8 Dodging
 + Level 9.6 Stealth
 + Level 8.6 Shields
 + Level 8.6 Unarmed Combat
 + Level 8.6 Spellcasting
 + Level 7.2 Conjurations
 + Level 7.2 Hexes
 + Level 7.2 Summonings
 + Level 7.2 Necromancy
 + Level 7.2 Translocations
 + Level 7.2 Transmutations
 + Level 7.2 Fire Magic
 + Level 7.2 Ice Magic
 + Level 7.2 Air Magic
 + Level 7.2 Earth Magic
 + Level 7.2 Poison Magic
 + Level 9.4 Invocations
 + Level 8.6 Evocations


You had 29 spell levels left.
You didn't know any spells.
Your spell library contained the following spells:

 Spells                   Type           Power      Damage    Failure   Level
 Foxfire                  Conj/Fire      72%        2x1d7     2%          1
 Freeze                   Ice            72%        1d9       2%          1
 Magic Dart               Conj           72%        1d6       2%          1
 Shock                    Conj/Air       72%        1d7       2%          1
 Call Imp                 Summ           18%        N/A       3%          2
 Conjure Flame            Conj/Fire      18%        6-21      8%          3
 Frozen Ramparts          Ice            36%        1d5       8%          3
 Inner Flame              Hex/Fire       18%        N/A       8%          3
 Mephitic Cloud           Conj/Pois/Air  18%        N/A       8%          3
 Ozocubu's Armour         Ice            18%        N/A       8%          3
 Swiftness                Air            18%        N/A       8%          3
 Airstrike                Air            9%         0-4+      26%         4
 Flame Wave               Conj/Fire      18%        2d6       26%         4
 Hailstorm                Conj/Ice       18%        3d6       26%         4
 Leda's Liquefaction      Hex/Erth       9%         N/A       26%         4
 Lee's Rapid Deconstruct  Erth           9%         3d8*      56%         5
 Statue Form              Tmut/Erth      12%        N/A       98%         6
 Ozocubu's Refrigeration  Ice            9%         4d6       100%        7


Dungeon Overview and Level Annotations

Branches:
Dungeon (11/15)            Temple (1/1) D:4            Lair (3/6) D:8
  Swamp (0/4) Lair:3        Snake (0/4) Lair:3        Sewer (visited)
    Orc: D:9-12

Altars:
Ashenzari
Cheibriados
Dithmenos
Elyvilon
Fedhas
Gozag
Hepliaklqana
Kikubaaqudgha
Makhleb
Nemelex Xobeh
Okawaru
Qazlal
Ru
Sif Muna
Trog
Uskayaw
Vehumet
Wu Jian
Xom
Yredelemnul
Zin
The Shining One

Shops:
D:4 =   D:7 =


Innate Abilities, Weirdness & Mutations

You have very sharp teeth.
Your uncanny sense of smell can sniff out nearby items.
Your experience applies equally to all skills.


Message History

The seven-headed hydra bites you but does no damage.
The seven-headed hydra bites you.
* * * LOW HITPOINT WARNING * * *
You block the seven-headed hydra's attack. x2
The grasping roots constrict the seven-headed hydra!
Being near the torpor snail leaves you feeling lethargic.
The seven-headed hydra struggles to escape constriction.
Unknown command.
Okay, then.
Unknown command.
The grasping roots constrict the seven-headed hydra!!
The roots release their grip on the seven-headed hydra.
Aiming: Fastroot
Press: ? - help, Shift-Dir - straight line, f/p - seven-headed hydra
Aim: a seven-headed hydra (severely wounded)
The roots erupt in riotous growth!
Roots grab the seven-headed hydra.
Roots grab the torpor snail.
The grasping roots constrict the torpor snail!
The grasping roots constrict the seven-headed hydra!
The seven-headed hydra struggles to escape constriction.
The torpor snail struggles to escape constriction.
The seven-headed hydra struggles to escape constriction.
The grasping roots constrict the torpor snail!!
The grasping roots constrict the seven-headed hydra!
The roots release their grip on the torpor snail.
The seven-headed hydra escapes!
Aiming: Fastroot
Press: ? - help, Shift-Dir - straight line, p - seven-headed hydra The roots erupt in riotous growth!
Roots grab the seven-headed hydra.
Roots grab the torpor snail.
The grasping roots constrict the torpor snail.
The grasping roots constrict the seven-headed hydra.
The roots release their grip on the seven-headed hydra.
The torpor snail struggles to escape constriction.
The seven-headed hydra completely misses you.
The seven-headed hydra bites you!
* * * LOW HITPOINT WARNING * * *
The seven-headed hydra bites you.
You die...
Fedhas appreciates your contribution to the ecosystem.

...........................####.#
.........................### ###
...........#...........#..#
...........##..........####
...................w..##
....................#.# ∆∆ ∆
....................##w.w.#
.................D...###)...#
................@....#.######
....#..#..........#....#..#
...#..♣.##.........#....#.#
...♣.....#.........P..#####
....♣.>.♣#..............#.#
...#..................#...#
...#....##.....#....#.#####
##..##+.##.#.##.#...###
..##.....###......#..#


You could see a seven-headed hydra and a torpor snail (rooted).

Vanquished Creatures
  3 hydras
  2 two-headed ogres
  A death yak (D:8)
  Urug (Lair:3)
  A cyclops (D:11)
  An elephant (D:8)
  2 manticores (D:11)
  A salamander (D:10)
  Joseph (D:8)
  Maurice (D:11)
  An unseen horror (D:9)
  An orange demon (D:10)
  8 cane toads
  A gargoyle (D:11)
  A black mamba (Lair:2)
  A rime drake (Lair:3)
  2 komodo dragons (Lair:2)
  A kobold demonologist (D:10)
  2 polar bears
  2 trolls (D:11)
  3 hornets
  14 blink frogs
  4 dream sheep (Lair:3)
  Sigmund (D:3)
  A shadow (D:11)
  3 wyverns
  A vampire (D:9)
  2 wraiths (D:10)
  4 basilisks
  Grum (D:8)
  12 yaks
  A naga (Lair:3)
  4 acid dragons
  10 water moccasins
  2 ice beasts
  5 orc warriors (D:8)
  9 wolves
  2 ogres
  8 centaurs
  5 kobold brigands
  10 bullfrogs
  2 gnoll sergeants
  5 scorpions
  3 wights
  8 killer bees (D:9)
  4 howler monkeys
  A lava snake (D:10)
  A hound (D:6)
  5 orc priests
  A jelly (D:7)
  Crazy Yiuf (D:3)
  A gnoll bouda (D:7)
  8 iguanas
  Terence (D:3)
  An orc wizard (D:10)
  10 gnolls
  6 adders
  A shadow imp (D:5)
  4 white imps
  2 ufetubi
  4 dart slugs
  2 worms (Sewer)
  29 orcs
  4 bats
  9 endoplasms
  4 giant cockroaches
  4 goblins
  4 hobgoblins
  4 jackals
  17 kobolds
  5 quokkas
  13 ball pythons
  3 frilled lizards
  6 rats
  22 ballistomycete spores
  12 fungi
  19 plants
362 creatures vanquished.

Notes
Turn   | Place    | Note
-------+----------+-------------------------------------------
     0 | D:1      | jfcaron the Gnoll Monk began the quest for the Orb.
     0 | D:1      | Reached XP level 1. HP: 23/23 MP: 1/1
   115 | D:1      | Reached XP level 2. HP: 29/29 MP: 2/2
   484 | D:1      | Reached XP level 3. HP: 35/35 MP: 3/3
   990 | D:2      | Reached skill level 1 in Invocations
  1111 | D:2      | Found a sacrificial altar of Ru.
  1403 | D:3      | Found a glowing drain.
  1415 | D:3      | Reached skill level 1 in Short Blades
  1415 | D:3      | Reached skill level 1 in Long Blades
  1415 | D:3      | Reached skill level 1 in Axes
  1415 | D:3      | Reached skill level 1 in Maces & Flails
  1415 | D:3      | Reached skill level 1 in Staves
  1415 | D:3      | Reached skill level 1 in Ranged Weapons
  1415 | D:3      | Reached skill level 1 in Throwing
  1415 | D:3      | Reached skill level 1 in Armour
  1415 | D:3      | Reached skill level 1 in Shields
  1415 | D:3      | Reached skill level 1 in Unarmed Combat
  1415 | D:3      | Reached skill level 1 in Spellcasting
  1415 | D:3      | Reached skill level 1 in Evocations
  1422 | Sewer    | Entered a sewer
  1472 | Sewer    | Reached XP level 4. HP: 32/41 MP: 5/5
  1549 | Sewer    | Noticed a kobold brigand
  1576 | Sewer    | Killed a kobold brigand
  1577 | Sewer    | Reached skill level 1 in Conjurations
  1577 | Sewer    | Reached skill level 1 in Hexes
  1577 | Sewer    | Reached skill level 1 in Summonings
  1577 | Sewer    | Reached skill level 1 in Necromancy
  1577 | Sewer    | Reached skill level 1 in Translocations
  1577 | Sewer    | Reached skill level 1 in Transmutations
  1577 | Sewer    | Reached skill level 1 in Fire Magic
  1577 | Sewer    | Reached skill level 1 in Ice Magic
  1577 | Sewer    | Reached skill level 1 in Air Magic
  1577 | Sewer    | Reached skill level 1 in Earth Magic
  1577 | Sewer    | Reached skill level 1 in Poison Magic
  1577 | Sewer    | Reached XP level 5. HP: 25/47 MP: 5/7
  2059 | Sewer    | Noticed a kobold brigand
  2090 | Sewer    | Killed a kobold brigand
  2091 | Sewer    | Reached XP level 6. HP: 34/53 MP: 8/8
  2952 | D:3      | Identified the +0 robe of Inacit {Drain rElec Int+3}
  2994 | D:3      | Noticed Terence
  3011 | D:3      | Killed Terence
  3227 | D:3      | Noticed Sigmund
  3246 | D:3      | Killed Sigmund
  3247 | D:3      | Reached XP level 7. HP: 21/60 MP: 10/10
  3458 | D:3      | Reached skill level 5 in Short Blades
  3458 | D:3      | Reached skill level 5 in Long Blades
  3458 | D:3      | Reached skill level 5 in Axes
  3458 | D:3      | Reached skill level 5 in Maces & Flails
  3458 | D:3      | Reached skill level 5 in Staves
  3458 | D:3      | Reached skill level 5 in Ranged Weapons
  3458 | D:3      | Reached skill level 5 in Throwing
  3458 | D:3      | Reached skill level 5 in Armour
  3458 | D:3      | Reached skill level 5 in Shields
  3458 | D:3      | Reached skill level 5 in Unarmed Combat
  3458 | D:3      | Reached skill level 5 in Spellcasting
  3458 | D:3      | Reached skill level 5 in Invocations
  3458 | D:3      | Reached skill level 5 in Evocations
  3458 | D:3      | Reached XP level 8. HP: 69/69 MP: 10/16
  3657 | D:3      | Found a runed translucent door.
  3658 | D:3      | Noticed Crazy Yiuf
  3758 | D:4      | Found a staircase to the Ecumenical Temple.
  3895 | Temple   | Entered the Ecumenical Temple
  4201 | Temple   | Became a worshipper of Fedhas Madash
  4201 | Temple   | Reached * piety under Fedhas
  4201 | Temple   | Reached ** piety under Fedhas
  4431 | D:4      | Found Goitir's Jewellery Shoppe.
  4948 | D:5      | Entered Level 5 of the Dungeon
  6157 | D:6      | Reached *** piety under Fedhas
  6180 | D:6      | Reached XP level 9. HP: 64/75 MP: 17/17
  6252 | D:6      | Identified the ring of Sumageal {Ice rN+ Str+2 Int+2}
  6524 | D:6      | Found a glowing golden altar of the Shining One.
  6863 | D:3      | Killed Crazy Yiuf
  7033 | D:7      | Found Ikhucs's Jewellery Shoppe.
  7574 | D:4      | Bought a ring of protection from fire for 300 gold pieces
  8033 | D:8      | Reached skill level 5 in Conjurations
  8033 | D:8      | Reached skill level 5 in Hexes
  8033 | D:8      | Reached skill level 5 in Summonings
  8033 | D:8      | Reached skill level 5 in Necromancy
  8033 | D:8      | Reached skill level 5 in Translocations
  8033 | D:8      | Reached skill level 5 in Transmutations
  8033 | D:8      | Reached skill level 5 in Fire Magic
  8033 | D:8      | Reached skill level 5 in Ice Magic
  8033 | D:8      | Reached skill level 5 in Air Magic
  8033 | D:8      | Reached skill level 5 in Earth Magic
  8033 | D:8      | Reached skill level 5 in Poison Magic
  8033 | D:8      | Reached XP level 10. HP: 33/83 MP: 19/19
  8312 | D:8      | Noticed an elephant
  8333 | D:8      | Killed an elephant
  8339 | D:8      | HP: 12/83 [spore (29)]
  8351 | D:8      | HP: 14/83 [spore (7)]
  8375 | D:8      | Noticed a death yak
  8384 | D:8      | HP: 10/83 [death yak (12)]
  8389 | D:8      | Killed a death yak
  8409 | D:8      | HP: 11/83 [orc warrior/+0 war axe (11)]
  8894 | D:8      | Found Zanag's Magic Scroll Shoppe.
  8913 | D:8      | Found a staircase to the Lair.
  9193 | D:8      | Noticed Joseph
  9198 | D:8      | Killed Joseph
  9325 | D:8      | Reached **** piety under Fedhas
  9426 | D:8      | Noticed Grum
  9447 | D:8      | Killed Grum
 10123 | D:9      | Killed an unseen horror
 10234 | D:9      | HP: 15/83 [something (3)]
 10248 | D:9      | Reached XP level 11. HP: 13/89 MP: 14/20
 10680 | D:9      | Upgraded the game from 0.29-a0-845-g6161e89988 to
                  | 0.29-a0-857-g9b1aa3ac5b
 11108 | D:9      | Noticed a two-headed ogre
 11129 | D:9      | Killed a two-headed ogre
 11583 | D:10     | Entered Level 10 of the Dungeon
 11734 | D:10     | Noticed Amaemon
 11737 | D:10     | Noticed Amaemon
 11737 | D:10     | Amaemon changed into Amaemon the salamander
 11746 | D:10     | Killed Amaemon the salamander
 12078 | D:10     | Found a white marble altar of Elyvilon.
 12756 | D:11     | Noticed a manticore
 12761 | D:11     | Killed a manticore
 12940 | D:11     | Noticed a seven-headed hydra
 12948 | D:11     | Killed a seven-headed hydra
 12948 | D:11     | Noticed a cyclops
 12949 | D:11     | Reached skill level 10 in Fighting
 12949 | D:11     | Reached skill level 10 in Polearms
 12949 | D:11     | Reached skill level 10 in Dodging
 13139 | D:11     | Killed a cyclops
 13140 | D:11     | Reached XP level 12. HP: 56/97 MP: 23/23
 13353 | D:11     | Noticed a two-headed ogre
 13363 | D:11     | Killed a two-headed ogre
 13425 | D:11     | Noticed Maurice
 13445 | D:11     | Killed Maurice
 14127 | Lair:1   | Entered Level 1 of the Lair of Beasts
 14498 | D:4      | Bought a ring of willpower for 300 gold pieces
 15698 | Lair:2   | Reached ***** piety under Fedhas
 16062 | Lair:2   | Noticed a five-headed hydra
 16075 | Lair:2   | Killed a five-headed hydra
 17426 | Lair:3   | Noticed a seven-headed hydra
 17440 | Lair:2   | Killed a seven-headed hydra
 17441 | Lair:2   | Reached XP level 13. HP: 47/104 MP: 25/25
 17963 | Lair:3   | Found a staircase to the Swamp.
 18115 | Lair:3   | Found a staircase to the Snake Pit.
 18519 | Lair:3   | Noticed Urug
 18533 | Lair:3   | Killed Urug
 18969 | Lair:3   | Found a runed translucent door.
 19266 | Lair:3   | HP: 19/105 [seven-headed hydra (10)]
 19271 | Lair:3   | HP: 6/105 [seven-headed hydra (9)]
 19271 | Lair:3   | Slain by a seven-headed hydra

Illustrated notes

Levels and vault maps discovered:
D:1:      dpeg_arrival_three_same_balls, layout_basic,
          chequers_serial_rivers_large_b, lemuel_old_faithful
D:2:      layout_rooms, basic_altar
D:3:      layout_basic, cheibrodos_sewer_entry_drain, uniq_crazy_yiuf_cottage,
          uniq_sigmund, uniq_terence
D:4:      layout_rooms, minmay_temple_entry_proselytizer, serial_shops,
          kennysheep_mini
D:5:      layout_basic
D:6:      layout_cave_pools, tso_metal_star
D:7:      layout_rooms, serial_shops, nicolae_shop_stone, st_stairs_11,
          hangedman_decor_clover_reticule
D:8:      layout_loops_ring, david_lair_generic, serial_shops,
          nicolae_shop_hallway_plus, special_room [special_room_orc],
          st_stairs_13, eino_small_chamber_without_monster,
          nicolae_hexahallways, uniq_grum, uniq_joseph
D:9:      layout_irregular_city, serial_co_window_serial, co_window_paths_b,
          co_window_of_opportunity_a, co_window_corner_a, co_window_corner_a,
          co_window_corner_a, co_window_corner_cb, co_window_broadway_a,
          co_window_unsneaky_path_d, co_window_broadway_a, co_window_broadway_b,
          co_window_unsneaky_path_c
D:10:     layout_gridville, nicolae_overflow_crystal_walls,
          kennysheep_opposing_triangles, uniq_amaemon
D:11:     layout_long_grid, minmay_fractal_squares_gapless_5, uniq_maurice
Temple:   nicolae_temple_slightly_damp_pantheon
Lair:1:   layout_hall_layers, serial_bayou_shore_b, infiniplex_staircase_pool_2
Lair:2:   layout_concentric_octagons, serial_rivers,
          chequers_serial_rivers_marsh, chequers_serial_rivers_small_a,
          chequers_serial_rivers_micro_c, chequers_serial_rivers_small_3,
          chequers_serial_rivers_micro_d
Lair:3:   layout_cave_shapes, swamp_mist_pool, guppyfry_snake_entry_garden,
          pf_torpor_hydra, grunt_megastairs_1, uniq_urug

Skill      XL: |  1  2  3  4  5  6  7  8  9 10 11 12 |
---------------+-------------------------------------+-----
Invocations    | 1 2 5 6 7 8 9 |  9.4
Short Blades   | 1 2 5 6 7 8 |  8.6
Long Blades    | 1 2 5 6 7 8 |  8.6
Axes           | 1 2 5 6 7 8 |  8.6
Maces & Flails | 1 2 5 6 7 8 |  8.6
Staves         | 1 2 5 6 7 8 |  8.6
Ranged Weapons | 1 2 5 6 7 8 |  8.6
Throwing       | 1 2 5 6 7 8 |  8.6
Armour         | 1 2 5 6 7 8 |  8.6
Shields        | 1 2 5 6 7 8 |  8.6
Unarmed Combat | 1 2 5 6 7 8 |  8.6
Spellcasting   | 1 2 5 6 7 8 |  8.6
Evocations     | 1 2 5 6 7 8 |  8.6
Conjurations   | 1 2 4 5 6 7 |  7.2
Hexes          | 1 2 4 5 6 7 |  7.2
Summonings     | 1 2 4 5 6 7 |  7.2
Necromancy     | 1 2 4 5 6 7 |  7.2
Translocations | 1 2 4 5 6 7 |  7.2
Transmutations | 1 2 4 5 6 7 |  7.2
Fire Magic     | 1 2 4 5 6 7 |  7.2
Ice Magic      | 1 2 4 5 6 7 |  7.2
Air Magic      | 1 2 4 5 6 7 |  7.2
Earth Magic    | 1 2 4 5 6 7 |  7.2
Poison Magic   | 1 2 4 5 6 7 |  7.2
Fighting       | 7 8 9 10 | 10.8
Polearms       | 7 8 9 10 | 10.8
Dodging        | 7 8 9 10 | 10.8
Stealth        | 6 7 8 9 |  9.6

Action                   |  1- 3 |  4- 6 |  7- 9 | 10-12 | 13-15 || total
-------------------------+-------+-------+-------+-------+-------++-------
Melee: Spear             |    86 |   194 |    26 |       |       ||   306
       Bite              |     5 |    17 |    23 |    73 |     9 ||   127
       Punch             |     1 |     2 |     1 |       |       ||     4
       Dagger            |       |     7 |     3 |    20 |       ||    30
       Trident           |       |       |   256 |   649 |   101 ||  1006
Throw: Dart              |     9 |    44 |    97 |   132 |    12 ||   294
       Stone             |    34 |     3 |       |    43 |       ||    80
       Boomerang         |       |       |    40 |    67 |    19 ||   126
       Javelin           |       |       |       |       |     1 ||     1
Invok: Wall of Briars    |       |       |     1 |     7 |       ||     8
       Grow Ballistomyce |       |       |       |     3 |       ||     3
       Overgrow          |       |       |       |       |     1 ||     1
Evoke: Wand              |       |       |       |    12 |     5 ||    17
       Tin of tremorston |       |       |       |     2 |       ||     2
  Use: Scroll            |     3 |     1 |     7 |     8 |     2 ||    21
       Potion            |       |       |     1 |     4 |       ||     5
 Stab: Sleeping          |     2 |       |       |     3 |       ||     5
       Paralysed         |       |       |       |     4 |       ||     4
       Confused          |       |       |       |     2 |       ||     2
Armor: Robe              |     1 |       |       |       |       ||     1
       Leather armour    |     6 |     5 |       |       |       ||    11
       Chain mail        |       |     2 |    63 |       |       ||    65
       Acid dragon scale |       |       |     2 |   146 |    26 ||   174
       Skin              |       |       |       |    54 |       ||    54
Dodge: Dodged            |    37 |    47 |    62 |   206 |    41 ||   393
Block: Other             |     4 |    20 |    11 |       |       ||    35
       Kite shield       |       |       |   128 |   432 |    67 ||   627
       Reflection        |       |       |     7 |    11 |     2 ||    20

Table legend: (Time is in decaauts)
 A = Elapsed time spent in this place.
 B = Non-inter-level travel time spent in this place.
 C = Inter-level travel time spent in this place.
 D = Time resting spent in this place.
 E = Time spent auto-exploring this place.
 F = Levels seen in this place.
 G = Mean time per level.
                   A        B        C        D        E       F      G
               +--------+--------+--------+--------+--------+-----+--------+
         Total |  19390 |  18326 |   1064 |   3977 |  11194 |  16 | 1211.9 |
       Dungeon |  12773 |  11934 |    839 |   2632 |   7152 |  11 | 1161.2 |
        Temple |    324 |    274 |     50 |      0 |    247 |   1 |  324.0 |
          Lair |   4968 |   4794 |    174 |   1093 |   3021 |   3 | 1656.0 |
         Sewer |   1324 |   1324 |      0 |    251 |    774 |   1 | 1324.0 |
               +--------+--------+--------+--------+--------+-----+--------+

Top non-repeatable levels by time:
  Lair:2: 2180 daAuts
     D:8: 1809 daAuts
     D:9: 1551 daAuts
  Lair:3: 1539 daAuts
     D:7: 1410 daAuts
     D:3: 1344 daAuts
    D:11: 1342 daAuts
   Sewer: 1324 daAuts
  Lair:1: 1248 daAuts
     D:5: 1157 daAuts
    D:10: 1126 daAuts
     D:1: 864 daAuts
     D:6: 805 daAuts
     D:4: 799 daAuts
     D:2: 563 daAuts
